 Dungeon Crawl Stone Soup version 0.22.1-1-ga44c0e5 (webtiles) character file.

25 Anon1729 the Charlatan (level 2, 0/14 HPs)
             Began as a Spriggan Artificer on Oct 6, 2018.
             Shot with an arrow by a centaur (8 damage)
             ... on level 2 of the Dungeon.
             The game lasted 00:01:04 (1242 turns).

Anon1729 the Charlatan (Spriggan Artificer)         Turns: 1242, Time: 00:01:04

Health: 0/14       AC:  2    Str:  8    XL:     2   Next: 82%
Magic:  6/6        EV: 19    Int: 12    God:
Gold:   36         SH:  0    Dex: 16    Spells: 1/1 levels left

rFire    . . .     SeeInvis +   a - +0 short sword
rCold    . . .     Gourm    .   (shield restricted)
rNeg     . . .     Faith    .   b - +0 robe
rPois    .         Spirit   .   (helmet restricted)
rElec    .         Reflect  .   (no cloak)
rCorr    .         Harm     .   (gloves unavailable)
MR       .....                  (boots unavailable)
Stlth    ++........             (no amulet)
HPRegen  0.04/turn              (no ring)
MPRegen  0.10/turn              (no ring)

@: very quick
A: very small, unfitting armour, see invisible, herbivore, speed 3, slow
metabolism 2
a: no special abilities


You were on level 2 of the Dungeon.
You were not hungry.

You visited 1 branch of the dungeon, and saw 2 of its levels.

You collected 36 gold pieces.

Inventory:

Hand Weapons
 a - a +0 short sword (weapon)
Armour
 b - a +0 robe (worn)
Jewellery
 i - an uncursed ring of fire {unknown}
Wands
 c - a wand of flame (12)
 d - a wand of enslavement (14)
 e - a wand of random effects (15)
Scrolls
 g - 3 scrolls of magic mapping {unknown}
 h - a scroll of random uselessness {unknown}
 j - 3 scrolls of identify {unknown}
 l - a scroll of amnesia {unknown}
 n - 2 scrolls of enchant armour {unknown}
Potions
 k - a potion of degeneration {unknown}
 m - 2 potions of brilliance {unknown}
Comestibles
 f - 2 rations


   Skills:
 + Level 0.7 Fighting
 + Level 1.2 Short Blades
 + Level 3.5 Dodging
 + Level 1.6 Stealth
 + Level 5.0 Evocations


You had one spell level left.
You didn't know any spells.
Your spell library was empty.

Dungeon Overview and Level Annotations

Branches:
Dungeon (2/15)

Altars:

Annotations:
D:2 Natasha


Innate Abilities, Weirdness & Mutations

You are very small and have problems with some larger weapons.
You are too small for most types of armour.
You have supernaturally acute eyesight. (SInv)
You are a herbivore.
You cover ground extremely quickly.
You need to consume almost no food.


Message History

Orders for allies: a - Attack new target. r - Retreat! s - Stop attacking. g - Guard the area. f - Follow me.
Anything else - Cancel.
Gang up on whom?
Press: ? - help, Dir - move target cursor, f - centaur
Aim: a centaur, wielding a shortbow Attack!
The centaur shoots an arrow.
The arrow barely misses you.
A hobgoblin comes into view. It is wielding a club.
You hear a shout!
The centaur shoots an arrow.
The arrow completely misses you.
The centaur shoots an arrow.
The arrow hits you.
A goblin comes into view. It is wielding a club.
Unknown command.
The centaur shoots an arrow.
The arrow misses you.
You hear an angry hiss.
The centaur shoots an arrow.
The arrow barely misses Natasha.
The arrow hits you!
Ouch! That really hurt!
You die...

#.##...
#.#...#
.##.#...#
........####
#.....<.# .
#.##.##.#
... #....#
...
.g..##..###
.###
gc.h...@(#
.#
.#.?.....#
.# #.......#
.#
....[....#
.#
.###.....#
........
####....##
..#### ###


You could see a centaur, a hobgoblin, a goblin and the friendly Natasha.

Vanquished Creatures
  A dart slug (D:1)
  A leopard gecko (D:1)
  A ball python (D:1)
  A giant cockroach (D:1)
  4 jackals (D:1)
  A kobold (D:1)
  5 bats (D:1)
  A frilled lizard (D:1)
  4 goblins (D:1)
19 creatures vanquished.

Vanquished Creatures (collateral kills)
  A giant cockroach (D:2)
1 creature vanquished.

Grand Total: 20 creatures vanquished

Notes
Turn   | Place    | Note
-------+----------+-------------------------------------------
     0 | D:1      | Anon1729 the Spriggan Artificer began the quest for the
                  | Orb.
     0 | D:1      | Reached XP level 1. HP: 9/9 MP: 4/4
   144 | D:1      | Reached XP level 2. HP: 6/14 MP: 6/6
   712 | D:1      | Reached skill level 5 in Evocations
  1225 | D:2      | Noticed Natasha
  1234 | D:2      | Noticed a centaur
  1242 | D:2      | Shot with an arrow by a centaur

Skill      XL: |  1  2 |
---------------+-------+-----
Evocations     | 5 |  5.0
Fighting       | |  0.7
Short Blades   | |  1.2
Dodging        | |  3.5
Stealth        | |  1.6

Action                   || total
-------------------------++-------
Melee: Short sword       ||    51
Evoke: Wand              ||     4
 Stab: Sleeping          ||     4
Armor: Robe              ||     6
Dodge: Dodged            ||    57
